 Dungeon Crawl Stone Soup version 0.26.1-11-gd32895ea62 (webtiles) character file.

Game seed: 8499380341201734826

76 Cykl0x the Covered (level 4, 0/40 HPs)
             Began as a Minotaur Fighter on Apr 14, 2021.
             Was an Initiate of Zin.
             Succumbed to Crazy Yiuf's poison
             ... on level 2 of the Dungeon.
             The game lasted 00:01:58 (1653 turns).

Cykl0x the Covered (Minotaur Fighter)               Turns: 1653, Time: 00:01:59

Health: 0/40       AC:  7    Str: 22    XL:     4   Next: 12%
Magic:  3/3        EV:  8    Int:  5    God:    Zin [......]
Gold:   77         SH:  9    Dex:  9    Spells: 3/3 levels left

rFire    . . .     SeeInvis .   a - +0 long sword
rCold    . . .     Faith    .   c - +0 kite shield
rNeg     . . .     Spirit   .   b - +0 scale mail
rPois    .         Reflect  .   (helmet restricted)
rElec    .         Harm     .   (no cloak)
rCorr    .         Rampage  .   (no gloves)
Will     .....                  (no boots)
Stlth    ..........             (no amulet)
HPRegen  0.13/turn              (no ring)
MPRegen  0.08/turn              (no ring)

@: lethally poisoned (0 -> -9)
A: retaliatory headbutt, horns 2
a: Renounce Religion, Donate Gold


You were on level 2 of the Dungeon.
You worshipped Zin.
Zin was noncommittal.
You visited 1 branch of the dungeon, and saw 2 of its levels.

You collected 85 gold pieces.
You donated 8 gold pieces to Zin.

Inventory:

Hand Weapons
 a - a +0 long sword (weapon)
Missiles
 e - 63 stones (quivered)
Armour
 b - a +0 scale mail (worn)
 c - a +0 kite shield (worn)
Jewellery
 j - an uncursed ring of flight {unknown}
Scrolls
 o - a scroll of fear
Potions
 d - a potion of might
 f - 3 potions of flight {unknown}
 g - a potion of curing {unknown}
 h - a potion of resistance {unknown}
 i - 3 potions of heal wounds {unknown}
 k - a potion of magic {unknown}
 l - 2 potions of brilliance {unknown}
 m - a potion of haste {unknown}
 n - a potion of mutation {unknown}


   Skills:
 + Level 4.0 Fighting
 + Level 3.0 Long Blades
 + Level 0.2 Throwing
 + Level 4.3 Armour
 * Level 1.9 Dodging
 + Level 4.2 Shields


You had 3 spell levels left.
You didn't know any spells.
Your spell library was empty.

Dungeon Overview and Level Annotations

Branches:
Dungeon (2/15)

Altars:
Ru
Zin

Annotations:
D:2 Crazy Yiuf


Innate Abilities, Weirdness & Mutations

You reflexively headbutt those who attack you in melee.
You have a pair of horns on your head.


Message History

Crazy Yiuf whimpers, "Hah!
Candle down toodlewoodle."
There is an open door here.
There is an open door here.
There is an open door here.
Could not explore, unopened runed door.
No reachable target in view!
You open the door.
Crazy Yiuf laughs, "Seed tired broken!"
You hit Crazy Yiuf but do no damage. Your headbutt misses Crazy Yiuf.
Crazy Yiuf hits you with a +3 quarterstaff of chaos!
You are poisoned.
Crazy Yiuf hits you with a +3 quarterstaff of chaos.
Space warps horribly around you!
You closely miss Crazy Yiuf. You headbutt Crazy Yiuf!
Crazy Yiuf is severely wounded.
You feel sick. Crazy Yiuf hits you but does no damage.
You are electrocuted!!
* * * LOW HITPOINT WARNING * * *
You hit Crazy Yiuf.
Crazy Yiuf is severely wounded.
You die...

..#
#.....####..##
..## #.....#
#....# ...#
#.....# #...P#
...###.....#
#.P.##
....##.....#
##.##
......######
#.## ......#
##.# ......#
#.## ....###
##@# .##.####
*#g#* ###....#
*...*
###....#####
#...#
.......'...#
#..)#
####...###.#
#####
#.......#+#
#.........####
#............#


You could see Crazy Yiuf.

Vanquished Creatures
  3 adders (D:2)
  A dart slug (D:1)
  2 leopard geckos
  6 giant cockroaches
  9 goblins
  3 hobgoblins
  2 jackals (D:1)
  4 kobolds
  A quokka (D:2)
  8 bats
  4 frilled lizards
  2 rats (D:2)
45 creatures vanquished.

Notes
Turn   | Place    | Note
-------+----------+-------------------------------------------
     0 | D:1      | Cykl0x the Minotaur Fighter began the quest for the Orb.
     0 | D:1      | Reached XP level 1. HP: 19/19 MP: 0/0
   124 | D:1      | Reached XP level 2. HP: 21/27 MP: 1/1
   534 | D:2      | Reached skill level 1 in Dodging
   534 | D:2      | Reached XP level 3. HP: 28/33 MP: 2/2
  1054 | D:2      | Reached XP level 4. HP: 40/40 MP: 3/3
  1069 | D:2      | Found a glowing silver altar of Zin.
  1096 | D:2      | Became a worshipper of Zin the Law-Giver
  1453 | D:2      | Found a sacrificial altar of Ru.
  1585 | D:2      | Found a runed translucent door.
  1586 | D:2      | Noticed Crazy Yiuf
  1652 | D:2      | HP: 1/40 [Crazy Yiuf/+3 quarterstaff of chaos (18)]
  1653 | D:2      | Succumbed to Crazy Yiuf's poison

Illustrated notes

Levels and vault maps discovered:
D:1:      saegor_arrival_simple_c, layout_rooms
D:2:      minmay_alternating_diamond, layout_basic, zin_academy,
          nicolae_ru_the_path_less_chosen, minmay_misc_feat_encased,
          uniq_crazy_yiuf_cottage

Skill      XL: |  1  2  3  4 |
---------------+-------------+-----
Fighting       | 4 |  4.0
Armour         | 4 |  4.3
Shields        | 4 |  4.2
Dodging        | 1 |  1.9
Long Blades    | 3 |  3.0
Throwing       | |  0.2

Action                   |  1- 3 |  4- 6 || total
-------------------------+-------+-------++-------
Melee: Long sword        |    89 |    18 ||   107
       Headbutt          |    11 |     3 ||    14
Throw: Stone             |    15 |     8 ||    23
  Use: Scroll            |     7 |       ||     7
Armor: Scale mail        |    42 |     7 ||    49
Dodge: Dodged            |    41 |     4 ||    45
Block: Kite shield       |    55 |     9 ||    64
       Rpst.: Long sword |    13 |     1 ||    14
